3AA
CASPER GHOSTS @ SPRINGFIELD SHOOTERS
09/05/2027
 
TOP OF THE 1ST
Casper Ghosts batting - Pitching for Springfield Shooters : LHP Song-saeng Kim
Pitching: LHP Song-saeng Kim
Batting: SHB Tim Fowler 0-0: Foul Ball, location: 2F
0-1: Foul Ball, location: 2F
0-2: Foul Ball, location: 2F
0-2: Ball
1-2: Ball
2-2: Ball
3-2: Ground out 5-3 (Groundball, 56)
Batting: LHB José Valéncia 0-0: Swinging Strike
0-1: Called Strike
0-2: Ball
1-2: Ball
2-2: Ground out U3 (Groundball, 34)
Batting: RHB Todd Sentell 0-0: Ball
1-0: Called Strike
1-1: Called Strike
1-2: SINGLE (Line Drive, 78S)
Batting: LHB José Hernández 0-0: Ball
1-0: Called Strike
1-1: Swinging Strike
1-2: Ball
2-2: Ball
3-2: Strikes out looking
Top of the 1st over - 0 run(s), 1 hit(s), 0 error(s), 1 left on base; Casper 0 - Springfield 0
BOTTOM OF THE 1ST
Springfield Shooters batting - Pitching for Casper Ghosts : RHP José Vega
Pitching: RHP José Vega
Batting: SHB Benedict Patel 0-0: Ball
1-0: Called Strike
1-1: Foul Ball, location: 2F
1-2: Foul Ball, location: 2F
1-2: Foul Ball, location: 2F
1-2: SINGLE (Groundball, 4) (infield hit)
Batting: RHB Carlos Cardona 0-0: Ball
1-0: Ball
Benedict Patel is caught stealing 2nd base
2-0: Ball
3-0: Called Strike
3-1: Foul Ball, location: 2F
3-2: Foul Ball, location: 2F
3-2: Strikes out looking
Batting: LHB Daniel Faraday 0-0: Ball
1-0: Ball
2-0: Ball
3-0: Called Strike
3-1: Base on Balls
Batting: RHB Gabrio Campoverde 0-0: Ball
1-0: Called Strike
1-1: Fly out, F8 (Flyball, 8LS)
Bottom of the 1st over - 0 run(s), 1 hit(s), 0 error(s), 1 left on base; Casper 0 - Springfield 0
TOP OF THE 2ND
Casper Ghosts batting - Pitching for Springfield Shooters : LHP Song-saeng Kim
Batting: SHB Erjan Kerstens 0-0: Ball
1-0: Foul Ball, location: 2F
1-1: Ball
2-1: Foul Ball, location: 2F
2-2: Foul Ball, location: 2F
2-2: SINGLE (Flyball, 89S)
Batting: RHB Anbrosio Oppenes 0-0: Ball
1-0: Grounds into double play, 4-6-3 (Groundball, 4)
Batting: RHB Félix Ramos 0-0: Called Strike
0-1: Ground out 3-1 (Groundball, 23)
Top of the 2nd over - 0 run(s), 1 hit(s), 0 error(s), 0 left on base; Casper 0 - Springfield 0
BOTTOM OF THE 2ND
Springfield Shooters batting - Pitching for Casper Ghosts : RHP José Vega
Batting: LHB Guillermo Castro 0-0: Foul Ball, location: 2F
0-1: Swinging Strike
0-2: Strikes out swinging
Batting: RHB Esteban Alvarado 0-0: Ball
1-0: Ball
2-0: Foul Ball, location: 2F
2-1: Ball
3-1: Foul Ball, location: 2F
3-2: Strikes out swinging
Batting: RHB Javier Vásquez 0-0: Swinging Strike
0-1: Ball
1-1: Swinging Strike
1-2: Fly out, F9 (Flyball, 89M)
Bottom of the 2nd over - 0 run(s), 0 hit(s), 0 error(s), 0 left on base; Casper 0 - Springfield 0
TOP OF THE 3RD
Casper Ghosts batting - Pitching for Springfield Shooters : LHP Song-saeng Kim
Batting: RHB Dave Young 0-0: Fly out, F4 (Line Drive, 4)
Batting: RHB Manny Maltby 0-0: Called Strike
0-1: Ball
1-1: Swinging Strike
1-2: Foul Ball, location: 2F
1-2: Ball
2-2: Foul Ball, location: 2F
2-2: Foul Ball, location: 2F
2-2: Foul Ball, location: 2F
2-2: SINGLE (Groundball, 3D)
Batting: SHB Tim Fowler 0-0: Ball
1-0: Swinging Strike
1-1: Foul Ball, location: 2F
1-2: Foul Ball, location: 2F
1-2: Fly out, F5 (Line Drive, 56)
Batting: LHB José Valéncia 0-0: Ball
1-0: Ground out 1-3 (Groundball, 15S)
Top of the 3rd over - 0 run(s), 1 hit(s), 0 error(s), 1 left on base; Casper 0 - Springfield 0
BOTTOM OF THE 3RD
Springfield Shooters batting - Pitching for Casper Ghosts : RHP José Vega
Batting: RHB Willis Kirkendall 0-0: Ball
1-0: Ball
2-0: Ball
3-0: Base on Balls
Batting: RHB Francisco Gonzáles 0-0: Ball
1-0: Called Strike
1-1: Called Strike
1-2: Ball
2-2: Foul Ball, location: 2F
2-2: Ball
3-2: Base on Balls
Willis Kirkendall to second
Batting: SHB Benedict Patel 0-0: Ball
1-0: Grounds into double play, 6-4-3 (Groundball, 6)
Willis Kirkendall to third
Batting: RHB Carlos Cardona 0-0: Foul Ball, location: 2F
0-1: Foul Ball, location: 2F
0-2: Foul Ball, location: 2F
0-2: Ball
1-2: Fly out, F8 (Flyball, 8RM)
Bottom of the 3rd over - 0 run(s), 0 hit(s), 0 error(s), 1 left on base; Casper 0 - Springfield 0
TOP OF THE 4TH
Casper Ghosts batting - Pitching for Springfield Shooters : LHP Song-saeng Kim
Batting: RHB Todd Sentell 0-0: Called Strike
0-1: Foul Ball, location: 2F
0-2: Foul Ball, location: 2F
0-2: Ball
1-2: Strikes out swinging, 2-3 out at first.
Batting: LHB José Hernández 0-0: Foul Ball, location: 2F
0-1: Ball
1-1: Foul Ball, location: 2F
1-2: Ball
2-2: Ball
3-2: Fly out, F4 (Popup, 4)
Batting: SHB Erjan Kerstens 0-0: Swinging Strike
0-1: Ball
1-1: Foul Ball, location: 2F
1-2: Foul Ball, location: 2F
1-2: Ball
2-2: Ground out 5-3 (Groundball, 56)
Top of the 4th over - 0 run(s), 0 hit(s), 0 error(s), 0 left on base; Casper 0 - Springfield 0
BOTTOM OF THE 4TH
Springfield Shooters batting - Pitching for Casper Ghosts : RHP José Vega
Batting: LHB Daniel Faraday 0-0: Swinging Strike
0-1: Ball
1-1: Ball
2-1: Ground out 4-3 (Groundball, 34)
Batting: RHB Gabrio Campoverde 0-0: Ball
1-0: SINGLE (Line Drive, 56)
Batting: LHB Guillermo Castro 0-0: Foul Ball, location: 2F
0-1: Ball
1-1: Ball
2-1: Swinging Strike
2-2: SINGLE (Line Drive, 34)
Gabrio Campoverde to second
Runner from 2nd tries for 3rd, SAFE, no throw
Batting: RHB Esteban Alvarado 0-0: Foul Ball, location: 2F
0-1: Ball
1-1: Fly out, F2 (Popup, 2L)
Batting: RHB Javier Vásquez 0-0: Fly out, F8 (Flyball, 8LD)
Bottom of the 4th over - 0 run(s), 2 hit(s), 0 error(s), 2 left on base; Casper 0 - Springfield 0
TOP OF THE 5TH
Casper Ghosts batting - Pitching for Springfield Shooters : LHP Song-saeng Kim
Batting: RHB Anbrosio Oppenes 0-0: Fly out, F7 (Flyball, 7LMF)
Batting: RHB Félix Ramos 0-0: Foul Ball, location: 2F
0-1: Swinging Strike
0-2: Foul Ball, location: 2F
0-2: Ball
1-2: Foul Ball, location: 2F
1-2: Ball
2-2: Strikes out looking
Batting: RHB Dave Young 0-0: Ball
1-0: Fly out, F6 (Line Drive, 6)
Top of the 5th over - 0 run(s), 0 hit(s), 0 error(s), 0 left on base; Casper 0 - Springfield 0
BOTTOM OF THE 5TH
Springfield Shooters batting - Pitching for Casper Ghosts : RHP José Vega
Batting: RHB Willis Kirkendall 0-0: Called Strike
0-1: Ground out 4-3 (Groundball, 4)
Batting: RHB Francisco Gonzáles 0-0: Ball
1-0: Ground out 5-3 (Groundball, 56S)
Batting: SHB Benedict Patel 0-0: Called Strike
0-1: Swinging Strike
0-2: Ball
1-2: Ball
2-2: SINGLE (Line Drive, 34)
Batting: RHB Carlos Cardona 0-0: Called Strike
0-1: Ball
1-1: Ball
2-1: Ball
Wild Pitch!
Benedict Patel to second
3-1: Ground out 4-3 (Groundball, 4M)
Bottom of the 5th over - 0 run(s), 1 hit(s), 0 error(s), 1 left on base; Casper 0 - Springfield 0
TOP OF THE 6TH
Casper Ghosts batting - Pitching for Springfield Shooters : LHP Song-saeng Kim
Batting: RHB Manny Maltby 0-0: Ball
1-0: Ball
2-0: Ball
3-0: Base on Balls
Batting: SHB Tim Fowler 0-0: Ball
1-0: Ball
2-0: Ball
3-0: Base on Balls
Manny Maltby to second
Batting: LHB José Valéncia 0-0: Sac Bunt - play at first, batter OUT! 4-3
Manny Maltby to third
Tim Fowler to second
Batting: RHB Todd Sentell 0-0: Foul Ball, location: 2F
0-1: Fly out, F9 (Flyball, 9LDF)
Runner from 3rd tags up, SCORES, no throw
Tim Fowler to third
Batting: LHB José Hernández 0-0: Ball
1-0: Ball
2-0: Called Strike
2-1: Swinging Strike
2-2: Ball
3-2: Strikes out looking
Top of the 6th over - 1 run(s), 0 hit(s), 0 error(s), 1 left on base; Casper 1 - Springfield 0
BOTTOM OF THE 6TH
Springfield Shooters batting - Pitching for Casper Ghosts : RHP José Vega
Batting: LHB Daniel Faraday 0-0: Ball
1-0: Called Strike
1-1: Ball
2-1: Foul Ball, location: 2F
2-2: Ball
3-2: Base on Balls
Batting: RHB Gabrio Campoverde 0-0: Called Strike
0-1: Called Strike
0-2: Ball
1-2: 2-RUN HOME RUN (Flyball, 7D), Distance : 378 ft
Batting: LHB Guillermo Castro 0-0: Fly out, F8 (Line Drive, 8LD)
Batting: RHB Esteban Alvarado 0-0: Called Strike
0-1: Ball
1-1: Called Strike
1-2: Ball
2-2: Fly out, F9 (Flyball, 9S)
Batting: RHB Javier Vásquez 0-0: Ball
1-0: Ball
2-0: Ball
3-0: Base on Balls
Batting: RHB Willis Kirkendall 0-0: Ball
1-0: Ball
2-0: Called Strike
2-1: SINGLE (Line Drive, 4MD)
Javier Vásquez to second
Pitching: RHP Júlio Vázquez
Batting: RHB Francisco Gonzáles 0-0: Ball
1-0: Ball
2-0: Ball
3-0: Called Strike
3-1: Base on Balls
Javier Vásquez to third
Willis Kirkendall to second
Batting: SHB Benedict Patel 0-0: Called Strike
0-1: Called Strike
0-2: Strikes out swinging
Bottom of the 6th over - 2 run(s), 2 hit(s), 0 error(s), 3 left on base; Casper 1 - Springfield 2
TOP OF THE 7TH
Casper Ghosts batting - Pitching for Springfield Shooters : LHP Song-saeng Kim
Batting: SHB Erjan Kerstens 0-0: Ball
1-0: Ball
2-0: Called Strike
2-1: Ball
3-1: Base on Balls
Pinch Hitting: RHB Warner Robinson 0-0: Ball
1-0: Sac Bunt - play at first, batter OUT! 1-4
Erjan Kerstens to second
Batting: RHB Félix Ramos 0-0: Called Strike
0-1: SINGLE (Line Drive, 89M)
Erjan Kerstens to third
Runner from 3rd tries for Home, throw and OUT!
Félix Ramos to second
Pitching: LHP Tomás Galván
Pinch Hitting: LHB Iemitsu Hatsutori 0-0: Called Strike
0-1: Foul Ball, location: 2F
0-2: Ground out U3 (Groundball, 3L)
Top of the 7th over - 0 run(s), 1 hit(s), 0 error(s), 1 left on base; Casper 1 - Springfield 2
BOTTOM OF THE 7TH
Springfield Shooters batting - Pitching for Casper Ghosts : RHP Júlio Vázquez
Now at 1B: Iemitsu Hatsutori
Now at 3B: Warner Robinson
Batting: RHB Carlos Cardona 0-0: Ball
1-0: Swinging Strike
1-1: SINGLE (Line Drive, 4D)
Batting: LHB Daniel Faraday 0-0: Ball
1-0: Ball
2-0: Ball
3-0: Base on Balls
Carlos Cardona to second
Pinch Hitting: LHB Shahid Afridi 0-0: Called Strike
0-1: Ball
1-1: Foul Ball, location: 2F
1-2: Foul Ball, location: 2F
1-2: Foul Ball, location: 2F
1-2: Strikes out looking
Batting: LHB Guillermo Castro 0-0: Swinging Strike
0-1: Swinging Strike
0-2: Ball
1-2: Fly out, F8 (Line Drive, 8RXD)
Runner from 2nd tags up, SAFE at 3rd, no throw
Batting: RHB Esteban Alvarado 0-0: Ball
1-0: Foul Ball, location: 2F
1-1: Ball
2-1: Fly out, F7 (Flyball, 7)
Bottom of the 7th over - 0 run(s), 1 hit(s), 0 error(s), 2 left on base; Casper 1 - Springfield 2
TOP OF THE 8TH
Casper Ghosts batting - Pitching for Springfield Shooters : LHP Tomás Galván
Pitching: RHP Kozue Koga
Now at 1B: Tony Cantú
Now in LF: Javier De Jesús
Batting: RHB Manny Maltby 0-0: Ball
1-0: SINGLE (Groundball, 3) (infield hit)
Pinch Hitting: RHB Henry Lambright 0-0: Foul Ball, location: 2F
0-1: Bunted foul
0-2: Foul Ball, location: 2F
0-2: Ball
1-2: Ball
2-2: Ball
3-2: SINGLE (Groundball, 6MD)
Manny Maltby to second
Runner from 2nd tries for 3rd, SAFE, no throw
Batting: LHB José Valéncia 0-0: Called Strike
0-1: Ball
1-1: Called Strike
1-2: Foul Ball, location: 2F
1-2: Foul Ball, location: 2F
1-2: Strikes out swinging
Batting: RHB Todd Sentell 0-0: Ball
1-0: SINGLE (Line Drive, 78M)
Manny Maltby scores
Henry Lambright to second
Batting: LHB José Hernández 0-0: Fly out, F8 (Flyball, 8LS)
Batting: SHB Erjan Kerstens 0-0: Ball
1-0: Swinging Strike
1-1: Foul Ball, location: 2F
1-2: Strikes out looking
Top of the 8th over - 1 run(s), 3 hit(s), 0 error(s), 2 left on base; Casper 2 - Springfield 2
BOTTOM OF THE 8TH
Springfield Shooters batting - Pitching for Casper Ghosts : RHP Júlio Vázquez
Now at SS: Jorge Saldańa
Pinch Hitting: LHB Walter Roda 0-0: Ball
1-0: Called Strike
1-1: Ball
2-1: Ground out U3 (Groundball, 3)
Batting: RHB Willis Kirkendall 0-0: Ball
1-0: Fly out, F8 (Flyball, 8LD)
Pinch Hitting: RHB Roberto Alonzo 0-0: Ball
1-0: Swinging Strike
1-1: SOLO HOME RUN (Flyball, 78XD), Distance : 403 ft
Batting: SHB Benedict Patel 0-0: SINGLE (Flyball, 5L)
Batting: RHB Carlos Cardona 0-0: Ball
1-0: Ball
2-0: Called Strike
2-1: Fly out, F8 (Flyball, 8RM)
Bottom of the 8th over - 1 run(s), 2 hit(s), 0 error(s), 1 left on base; Casper 2 - Springfield 3
TOP OF THE 9TH
Casper Ghosts batting - Pitching for Springfield Shooters : RHP Kozue Koga
Pitching: RHP Ernst Chia
Now at 2B: Johnny Bryant
Now at SS: Sergio Delgado
Now in RF: Lee Allen
Batting: RHB Warner Robinson 0-0: Ball
1-0: Foul Ball, location: 2F
1-1: Ball
2-1: Ball
3-1: Base on Balls
Batting: RHB Félix Ramos 0-0: Sac Bunt - play at first, batter OUT! 1-3
Warner Robinson to second
Batting: LHB Iemitsu Hatsutori 0-0: Ball
1-0: Ball
2-0: Ball
3-0: Called Strike
3-1: Swinging Strike
3-2: Base on Balls
Batting: RHB Manny Maltby 0-0: SINGLE (Groundball, 6D)
Warner Robinson to third
Iemitsu Hatsutori to second
Runner from 3rd tries for Home, SAFE, throw made home
Iemitsu Hatsutori to third
Manny Maltby to second
Pinch Hitting: RHB Ron Thomas 0-0: Called Strike
0-1: Ball
1-1: Swinging Strike
1-2: Foul Ball, location: 2F
1-2: Ball
2-2: Strikes out swinging
Batting: LHB José Valéncia 0-0: Ball
1-0: Ground out 3-1 (Groundball, 34)
Top of the 9th over - 1 run(s), 1 hit(s), 0 error(s), 2 left on base; Casper 3 - Springfield 3
BOTTOM OF THE 9TH
Springfield Shooters batting - Pitching for Casper Ghosts : RHP Júlio Vázquez
Now at SS: Ray Millspaugh
Batting: LHB Daniel Faraday 0-0: Foul Ball, location: 2F
0-1: Swinging Strike
0-2: Foul Ball, location: 2F
0-2: Strikes out swinging
Batting: RHB Javier De Jesús 0-0: Swinging Strike
0-1: Ball
1-1: Foul Ball, location: 2F
1-2: Strikes out swinging
Batting: RHB Tony Cantú 0-0: Ball
1-0: SINGLE (Line Drive, 5D)
Batting: RHB Esteban Alvarado 0-0: Called Strike
0-1: Ball
1-1: Ball
2-1: Foul Ball, location: 2F
2-2: Ball
3-2: Base on Balls
Tony Cantú to second
Pinch Hitting: RHB Bennett Bates 0-0: Ball
1-0: Ball
2-0: Swinging Strike
2-1: Fly out, F7 (Flyball, 7D)
Bottom of the 9th over - 0 run(s), 1 hit(s), 0 error(s), 2 left on base; Casper 3 - Springfield 3
TOP OF THE 10TH
Casper Ghosts batting - Pitching for Springfield Shooters : RHP Ernst Chia
Now at 2B: Héctor Álvarez
Batting: RHB Todd Sentell 0-0: Ball
1-0: Ball
2-0: Called Strike
2-1: Foul Ball, location: 2F
2-2: Strikes out looking
Batting: LHB José Hernández 0-0: Swinging Strike
0-1: Foul Ball, location: 2F
0-2: Strikes out swinging
Batting: SHB Erjan Kerstens 0-0: Ball
1-0: Ball
2-0: Ball
3-0: Called Strike
3-1: Called Strike
3-2: Base on Balls
Batting: RHB Warner Robinson 0-0: Ball
1-0: Foul Ball, location: 2F
1-1: Ball
2-1: Foul Ball, location: 2F
2-2: Strikes out looking
Top of the 10th over - 0 run(s), 0 hit(s), 0 error(s), 1 left on base; Casper 3 - Springfield 3
BOTTOM OF THE 10TH
Springfield Shooters batting - Pitching for Casper Ghosts : RHP Júlio Vázquez
Batting: RHB Willis Kirkendall 0-0: Foul Ball, location: 2F
0-1: Foul Ball, location: 2F
0-2: Foul Ball, location: 2F
0-2: Strikes out swinging
Pitching: LHP Pat Buchanan
Batting: RHB Sergio Delgado 0-0: Ball
1-0: Ball
2-0: Ball
3-0: Swinging Strike
3-1: Swinging Strike
3-2: Strikes out looking
Batting: RHB Lee Allen 0-0: Ball
1-0: SINGLE (Groundball, 6D)
Batting: RHB Carlos Cardona 0-0: Ball
1-0: Ball
2-0: Ball
3-0: Called Strike
3-1: Foul Ball, location: 2F
3-2: DOUBLE (Line Drive, 9LM)
Lee Allen to third
Lee Allen scores
Saturday, May 26th, 2018 - OOTP Baseball 17.12 Build 75